 Dungeon Crawl Stone Soup version 0.31-a0-848-gaac375c287 (webtiles) character file.

Game seed: 8423741770247191791

1253 Kurtz the Chopper (level 8, -1/60 HPs)
             Began as a Mummy Delver on Oct 4, 2023.
             Was an Initiate of Makhleb.
             Slain by a wight
             ... wielding a +3 scimitar
              (10 damage)
             ... on level 6 of the Dungeon.
             The game lasted 00:09:59 (5347 turns).

Kurtz the Chopper (Mummy Delver)                    Turns: 5347, Time: 00:09:59

Health: -1/60      AC: 12    Str: 20    XL:     8   Next: 26%
Magic:  8/8        EV: 10    Int:  9    God:    Makhleb [......]
Gold:   161        SH:  0    Dex: 15    Spells: 7/7 levels left

rFire   x . .        t - +1 hand axe (venom)
rCold   + . .        (no shield)
rNeg    + + +        g - +5 scale mail "Ickabad" {Fly Will+ Str+4}
rPois   ∞            (no helmet)
rElec   .            p - +0 cloak
rCorr   .            (no gloves)
SInv    .            (no boots)
Will    ++...        (no amulet) Stlth
                     (no ring)
HPRegen 0.30/turn    (no ring)
MPRegen 0.11/turn

%: faith
@: silenced, flying
A: cold resistance 1, negative energy resistance 3, torment resistance 2, heat
vulnerability 1, in touch with death 1, no potions, faith
a: Renounce Religion


You were on level 6 of the Dungeon.
You worshipped Makhleb.
Makhleb was noncommittal.
You visited 2 branches of the dungeon, and saw 7 of its levels.

You collected 372 gold pieces.
You spent 211 gold pieces at shops.

Inventory:

Hand Weapons
 a - a +0 hand axe
 j - a +2 flail of draining
 t - a +1 hand axe of venom (weapon)
Missiles
 i - 7 boomerangs (quivered)
 l - 13 poisoned darts
 s - 3 curare-tipped darts
Armour
 g - the +5 scale mail "Ickabad" (worn) {Fly Will+ Str+4}
   (You found it on level 3 of the Dungeon)

   Str+4:     It affects your strength (+4).
   Will+:     It increases your willpower.
   Fly:       It grants you flight.
 p - a +0 cloak (worn)
Jewellery
 u - a +5 ring of evasion
Wands
 f - a wand of digging (8)
 q - a wand of flame (21)
Scrolls
 c - a scroll of fog
 d - a scroll of revelation
 e - a scroll of fear
 h - a scroll of vulnerability {unknown}
 k - a scroll of blinking {unknown}
 m - a scroll of enchant weapon {unknown}
 n - 3 scrolls of identify {unknown}
 o - a scroll of noise {unknown}
 r - a scroll of immolation {unknown}


   Skills:
 - Level 4.1 Fighting
 * Level 7.4 Axes
 * Level 2.5 Armour
 - Level 2.1 Dodging
 - Level 4.1 Stealth
 * Level 0.1 Invocations


You had 7 spell levels left.
You didn't know any spells.
Your spell library contained the following spells:

 Spells                   Type           Power      Damage    Failure   Level
 Gell's Gravitas          Tloc           0%         N/A       98%         3
 Ozocubu's Armour         Ice            0%         N/A       98%         3
 Teleport Other           Tloc           0%         N/A       98%         3
 Irradiate                Conj/Tmut      0%         3d11      100%        5
 Dispersal                Tloc           0%         N/A       100%        6
 Ozocubu's Refrigeration  Ice            0%         4d7       100%        7
 Wereblood                Tmut           Unusable   N/A       N/A         2

Dungeon Overview and Level Annotations

Branches:
Dungeon (6/15)             Temple (1/1) D:5

Altars:
Ashenzari
Cheibriados
Dithmenos
Fedhas
Hepliaklqana
Makhleb
Nemelex Xobeh
Okawaru
Qazlal
Ru
Sif Muna
Trog
Uskayaw
Vehumet
Xom

Shops:
D:4 (   D:5 *   D:6 (

Annotations:
D:3 exclusion: downstairs


Innate Abilities, Weirdness & Mutations

You are immune to poison.
Your flesh is cold resistant. (rC+)
You are immune to negative energy. (rN+++)
You are immune to unholy pain and torment.
You are vulnerable to heat. (rF-)
You are in touch with the powers of death.
You do not drink.
You have a special connection with the divine. (Faith)


Message History

The wight is almost destroyed.
The wight hits you with a +0 dagger.
You barely miss the wight.
The wight is almost destroyed.
The wight closely misses you.
You closely miss the wight.
The wight is almost destroyed.
The wight closely misses you.
You hit the wight.
You destroy the wight!
Makhleb accepts your kill.
You hit the wight.
The wight is lightly damaged.
The wight hits you with a +3 scimitar!
You hit the wight.
The wight is moderately damaged.
The wight barely misses you.
You closely miss the wight.
The wight is moderately damaged.
The wight hits you with a +3 scimitar!
You barely miss the wight.
The wight is moderately damaged.
The wight barely misses you.
You can't drink.
Unknown command.
The wight attacks as it pursues you! The wight hits you with a +3 scimitar!
* * * LOW HITPOINT WARNING * * *
You can't drink.
Unknown command.
Okay, then.
Okay, then.
Unknown command.
As you read the scroll labelled ETZIAF FEBRIYDAI, it crumbles to dust.
A profound silence engulfs you.
It was a scroll of silence.
The wight closely misses you. The wight attacks as it pursues you!
The wight barely misses you. The wight attacks as it pursues you!
The wight closely misses you. The wight attacks as it pursues you!
The wight barely misses you. The wight attacks as it pursues you!
The wight hits you with a +3 scimitar!
You die...

.......# #.#.# .........#
#.#.# .........# #.#.#
.........#############.#.#
.....#.......).......#.#.#
.....###.###########.#.#.#
...........# #.........#
.....###.#.#####.###.#.###...
..).............@z............
...##.####.#####.###.#####...#
...##.####.## #.....# .#
............# #.....#
##.##.####..# #.....# #.##.#
#..####.....# #.##.#
#...........# ##.##.#
#.####......# ...##.# #.#
##.....#


You could see a wight.

Vanquished Creatures
  An orc warrior (D:5)
  A black bear (D:5)
  3 ice beasts
  A phantom (D:5)
  A scorpion (Temple)
  2 wights (D:6)
  An orc priest (D:6)
  3 hounds
  A jelly (D:5)
  A gnoll bouda (D:3)
  Jessica (D:2)
  2 iguanas (D:5)
  An orc wizard (D:2)
  8 gnolls
  10 adders
  A white imp (D:6)
  3 worms
  2 dart slugs
  5 orcs
  5 bats
  8 endoplasms
  2 giant cockroaches
  7 goblins
  12 hobgoblins
  3 jackals (D:1)
  4 quokkas
  7 ball pythons
  6 frilled lizards
  11 kobolds
  6 rats
119 creatures vanquished.

Notes
Turn   | Place    | Note
-------+----------+-------------------------------------------
     0 | D:5      | Kurtz the Mummy Delver began the quest for the Orb.
     0 | D:5      | Reached XP level 1. HP: 18/18 MP: 1/1
    37 | D:4      | Noticed a gnoll bouda
    71 | D:4      | Reached skill level 2 in Axes
    71 | D:4      | Reached XP level 2. HP: 2/24 MP: 2/2
   242 | D:3      | Reached XP level 3. HP: 20/29 MP: 3/3
   290 | D:3      | Identified the +5 scale mail "Ickabad" {Fly Will+ Str+4}
   415 | D:5      | Noticed an ice beast
   526 | D:2      | Noticed Jessica
   537 | D:1      | Reached skill level 3 in Axes
  1130 | D:2      | Killed Jessica
  1131 | D:2      | Reached XP level 4. HP: 35/35 MP: 4/4
  1705 | D:2      | Reached skill level 4 in Axes
  2142 | D:2      | Reached XP level 5. HP: 41/41 MP: 5/5
  2909 | D:4      | Reached skill level 5 in Axes
  3054 | D:4      | Reached XP level 6. HP: 47/47 MP: 6/6
  3058 | D:4      | Found Higrod's Weapon Emporium.
  3316 | D:4      | Killed an ice beast
  3367 | D:5      | Reached skill level 1 in Armour
  3424 | D:5      | Noticed an ice beast
  3439 | D:5      | Reached XP level 7. HP: 24/54 MP: 7/7
  3624 | D:5      | Found a blossoming altar of Fedhas.
  3707 | D:5      | Reached skill level 6 in Axes
  3708 | D:5      | Found a staircase to the Ecumenical Temple.
  3719 | Temple   | Entered the Ecumenical Temple
  3776 | Temple   | Became a worshipper of Makhleb the Destroyer
  3866 | D:5      | Found Olemui's Serpentskin Sales.
  3871 | D:5      | Bought 3 curare-tipped darts for 43 gold pieces
  4574 | D:6      | Found Seudisiu's Antique Weapon Emporium.
  4578 | D:6      | Bought a glowing hand axe for 168 gold pieces
  4707 | D:6      | Reached XP level 8. HP: 55/60 MP: 8/8
  4776 | D:5      | Reached skill level 7 in Axes
  4905 | D:6      | not bad so far
  5347 | D:6      | Slain by a wight

Illustrated notes

#.....o.........#
#.......# ...#
#....o..# ..#
#..o....# ..#
#.......# #.#
##.......# #.#
oo.......# #.#
##.......# #.#
.......### #@#
################)#
.................#
##################
############
...........#
...........#
...........#
...........#


Turn 4905 on D:6: not bad so far

Levels and vault maps discovered:
D:1:      tarquinn_simple_flora_water_d, layout_rooms, minmay_misc_feat_chi,
          grunt_decor_one_mirror, nicolae_kite_square_tiling_tiny,
          kennysheep_crisscross
D:2:      layout_basic, minmay_3d_cube, uniq_jessica
D:3:      layout_rooms
D:4:      layout_rooms, serial_shops, shop_statue
D:5:      layout_rooms, mainiacjoe_overflow_six_doors_small, temple_statues,
          guppyfry_shop_venom
D:6:      layout_basic, serial_shops, nicolae_shop_hallway_stairs
Temple:   nicolae_temple_slightly_damp_pantheon

Skill      XL: |  1  2  3  4  5  6  7  8 |
---------------+-------------------------+-----
Axes           | 2 3 4 5 6 7 |  7.4
Fighting       | 4 |  4.1
Armour         | 1 2 |  2.5
Dodging        | 2 |  2.1
Stealth        | |  4.1
Invocations    | |  0.1

Action                     |  1- 3 |  4- 6 |  7- 9 || total
---------------------------+-------+-------+-------++-------
  Melee: Hand axe          |   122 |   129 |    87 ||   338
         Flail             |       |    65 |    59 ||   124
         Punch             |       |     2 |     3 ||     5
  Throw: Boomerang         |       |    20 |    10 ||    30
         Dart              |       |     7 |       ||     7
    Use: Scroll            |       |       |     1 ||     1
   Stab: Sleeping          |     1 |       |       ||     1
 Armour: Leather armour    |    26 |       |       ||    26
         Scale mail        |    86 |   147 |   104 ||   337
  Dodge: Dodged            |   100 |    98 |    72 ||   270

Table legend: (Time is in decaauts)
 A = Elapsed time spent in this place.
 B = Non-inter-level travel time spent in this place.
 C = Inter-level travel time spent in this place.
 D = Time resting spent in this place.
 E = Time spent auto-exploring this place.
 F = Levels seen in this place.
 G = Mean time per level.
                   A        B        C        D        E       F      G
               +--------+--------+--------+--------+--------+-----+--------+
         Total |   5421 |   4840 |    581 |   1054 |   2428 |   7 |  774.4 |
       Dungeon |   5343 |   4811 |    532 |   1054 |   2428 |   6 |  890.5 |
        Temple |     77 |     28 |     49 |      0 |      0 |   1 |   77.0 |
               +--------+--------+--------+--------+--------+-----+--------+

Top non-repeatable levels by time:
     D:2: 1486 daAuts
     D:5: 1074 daAuts
     D:4: 849 daAuts
     D:3: 731 daAuts
     D:1: 625 daAuts
     D:6: 577 daAuts
  Temple: 77 daAuts
